[Event "Live Chess"]
[Site "Chess.com"]
[Date "2023.05.21"]
[Round "-"]
[White "Missedidea"]
[Black "Tushinskiy"]
[Result "0-1"]
[WhiteElo "1813"]
[BlackElo "2212"]
[TimeControl "300"]
[EndTime "4:43:30 PDT"]
[Termination "Tushinskiy won on time"]

1. d4 d5 2. c4 c6 3. Nc3 Nf6 4. Nf3 e6 5. Bg5 Be7 6. e3 Nbd7 7. Rc1 O-O 8. Bd3 Re8 9. O-O Nf8 10.
b3 N6d7 11. Bf4 Bf6 12. Bg3 Qa5 13. e4 dxc4 14. bxc4 e5 15. d5 Nc5 16. Bb1 Bg4 17. h3 Bh5 18. Bh2 Rad8 19. g4 Bg6 20. g5 Be7 21. h4 Bh5 22. Kg2 Ng6 23. Bg3 Ne6 24. Kh2 Nd4 25. Nxd4 Bxd1 26. Rfxd1 exd4 27. Rxd4 Ba3 28. Rc2 Bc5 29. Rd1 Bd6 30. Ne2 Nxh4 31. Bxd6 Rxd6 32.
Ng3 Nf3+ 33. Kg2 Nxg5 34. Nf5 Rdd8 35. f3 g6 36. Nh6+ Kg7 37. Ng4 h5 38. Ne3 f5 39.
d6 fxe4 40. f4 Ne6 41. Rf2 Qc3 42. f5 Qxe3 43. fxe6 Rxe6 44. d7 Re7 45. Rfd2 Qg5+ 46. Kf2 e3+ 0-1

[Event "Live Chess"]
[Site "Chess.com"]
[Date "2023.05.21"]
[Round "-"]
[White "mattihelenius2"]
[Black "JanMur7"]
[Result "0-1"]
[WhiteElo "492"]
[BlackElo "1980"]
[TimeControl "300"]
[EndTime "4:44:09 PDT"]
[Termination "JanMur7 won by checkmate"]

1. d4 Nf6 2. c4 e6 3. Nf3 d5 4.
Ne5 Be7 5. Nc3 O-O 6. Bg5 h6 7. Be3 Nbd7 8. Bf4 Nxe5 9. Bxe5 dxc4 10. e3 c5 11. Bxc4 cxd4 12. Bxd4 Bd7 13. Bb5 Bxb5 14. Nxb5 e5 15. Bxe5 Qa5+ 16. Nc3 Qxe5 17. O-O Bd6 18. Qf3 Qxh2# 0-1

[Event "Live Chess"]
[Site "Chess.com"]
[Date "2023.05.21"]
[Round "-"]
[White "Nakula1000"]
[Black "jumush"]
[Result "1-0"]
[WhiteElo "797"]
[BlackElo "1746"]
[TimeControl "300"]
[EndTime "4:44:24 PDT"]
[Termination "Nakula1000 won by resignation"]

1. e4 d5 2. exd5 Qxd5 3. Nc3 Qa5 4. d4 Nf6 5. Nf3 Bf5 6. a3 e6 7. Ne5 c6 8. g4 Be4 9. Nc4 Qc7 10. Nxe4 Nxe4 11.
h4 Nd7 12. Bg2 Nef6 13. g5 Nd5 14. O-O Be7 15. Bd2 O-O-O 16. h5 h6 17. g6 fxg6 18. hxg6 Rhf8 19. Qg4 Rf5 20. Rae1 Nf8 21. Rxe6 Nxe6 22.
Qxf5 Qd7 23. Ne5 Qd6 24. Bh3 1-0

[Event "Live Chess"]
[Site "Chess.com"]
[Date "2023.05.21"]
[Round "-"]
[White "Biranidun"]
[Black "WelshTiger"]
[Result "1-0"]
[WhiteElo "2530"]
[BlackElo "2310"]
[TimeControl "300"]
[EndTime "4:44:38 PDT"]
[Termination "Biranidun won by checkmate"]

1. e4 c5 2. Nf3 d6 3. d4 cxd4 4. Nxd4 Nf6 5. Nc3 Nc6 6. Bg5 Bd7 7. Qd2 Rc8 8. f4 Nxd4 9. Qxd4 Qa5 10. e5 dxe5 11.
fxe5 e6 12. O-O-O Bc6 13. Nb5 Bxb5 14. exf6 Bc6 15. h4 g6 16. Bc4 Bc5 17. Qe5 Bb4 18. Qe2 O-O 19. Bh6 Bxg2 20. Rhg1 Bf3 21. Qxf3 Rxc4 22.
Bxf8 Bxf8 23. Kb1 Rxh4 24. Qxb7 Rb4 25. Qc8 Qe5 26. Qxf8+ Kxf8 27. Rd8# 1-0

[Event "Live Chess"]
[Site "Chess.com"]
[Date "2023.05.21"]
[Round "-"]
[White "seasidecastle27"]
[Black "hturner40"]
[Result "1-0"]
[WhiteElo "1879"]
[BlackElo "1773"]
[TimeControl "300"]
[EndTime "4:44:40 PDT"]
[Termination "seasidecastle27 won by resignation"]

1. d4 Nf6 2. Nf3 g6 3. Bg5 Ne4 4. Bf4 Bg7 5. Nbd2 d5 6. e3 c5 7. c3 Nc6 8. Bd3 f5 9. Ne5 Nxe5 10. dxe5 e6 11. f3 Ng5 12. Bb5+ Kf8 13. Bg3 Nf7 14. f4 Qb6 15. c4 a6 16. Ba4 dxc4 17. O-O Qd8 18. Qc2 b5 19. Rfd1 Qc7 20. Nxc4 bxc4 21.
Qxc4 Bb7 22. Rd7 Bd5 23. Qc3 Qb6 24. Bh4 Ra7 25. Be7+ Ke8 26. Rxa7+ 1-0

[Event "Live Chess"]
[Site "Chess.com"]
[Date "2023.05.21"]
[Round "-"]
[White "MarkLim1"]
[Black "WilliamofOrange16th"]
[Result "0-1"]
[WhiteElo "1678"]
[BlackElo "1873"]
[TimeControl "300"]
[EndTime "4:44:44 PDT"]
[Termination "WilliamofOrange16th won by resignation"]

1. d4 d5 2. Nf3 Nf6 3. c4 c6 4.
cxd5 cxd5 5. Nc3 Nc6 6. Bf4 e6 7. Rc1 Bd6 8. Bxd6 Qxd6 9. e3 a6 10. Be2 O-O 11. O-O e5 12. dxe5 Nxe5 13. Nxe5 Qxe5 14. Bf3 Be6 15. Qd3 Rfd8 16. Rfd1 Rd7 17.
Na4 Rc7 18. Rxc7 Qxc7 19. Nc3 Rd8 20. e4 d4 21. Ne2 Bxa2 22. Nxd4 Qb6 23. Qc3 Be6 24. Nxe6 Rxd1+ 25. Bxd1 Qxe6 26. f3 Ne8 27. Be2 g6 28. Bc4 Qb6+ 29. Kf1 Nd6 30. Qb3 Nxc4 31.
Qxc4 Qxb2 32. Qc8+ Kg7 33. Qc7 Qb5+ 34. Kf2 a5 35. e5 b6 36. e6 Qb2+ 37. Kg3 Qf6 38. exf7 Qxf7 39. Qxb6 Qd5 40. Qc7+ Kg8 41. Qc8+ Kf7 42.
Qc7+ Kf6 43. Qb6+ Kf5 44. Qb1+ Ke6 45. Qb6+ Qd6+ 46. Qxd6+ Kxd6 47. Kf2 a4 48. Ke1 a3 49. Kd2 a2 0-1

[Event "Live Chess"]
[Site "Chess.com"]
[Date "2023.05.21"]
[Round "-"]
[White "defenderalist"]
[Black "manthanit"]
[Result "1-0"]
[WhiteElo "1675"]
[BlackElo "1078"]
[TimeControl "300"]
[EndTime "4:44:47 PDT"]
[Termination "defenderalist won by resignation"]

1. e4 e6 2. g3 d5 3. Bg2 Nf6 4. e5 Nfd7 5. d4 b6 6. Ne2 Bb7 7. O-O Na6 8. f4 c5 9. c3 Be7 10. f5 cxd4 11. cxd4 O-O 12. Nbc3 Rb8 13. f6 Bxf6 14. exf6 Nxf6 15. Bg5 h6 16. Bxf6 gxf6 17. Nf4 e5 18. Nh5 exd4 19. Qg4+ 1-0

[Event "Live Chess"]
[Site "Chess.com"]
[Date "2023.05.21"]
[Round "-"]
[White "diana21strabt"]
[Black "ossie57"]
[Result "0-1"]
[WhiteElo "1752"]
[BlackElo "1911"]
[TimeControl "300"]
[EndTime "4:44:49 PDT"]
[Termination "ossie57 won by resignation"]

1. e4 e5 2. Nf3 Nc6 3. d4 exd4 4.
Bc4 Nf6 5. O-O Be7 6. Nxd4 O-O 7. Nxc6 dxc6 8. Nc3 Qxd1 9. Rxd1 Bg4 10. f3 Be6 11.
Bxe6 fxe6 12. Bg5 Rad8 13. Rxd8 Rxd8 14. Rd1 Rxd1+ 15. Nxd1 h6 16. Bxf6 gxf6 17. Kf2 Bd6 18. g3 Kf7 19. Ke2 b5 20. Kd3 h5 21. c4 h4 22. f4 hxg3 23. hxg3 e5 24. f5 b4 25. b3 Bc5 26. Nb2 Kg7 27. Na4 Bf2 28.
g4 Kh6 29. Ke2 Bd4 30. Kd3 Kg5 31. c5 Kxg4 32. Kc4 a5 33. Kd3 Kf4 34. a3 bxa3 35. Nc3 Bxc3 36. Kxc3 Kxe4 0-1

[Event "Live Chess"]
[Site "Chess.com"]
[Date "2023.05.21"]
[Round "-"]
[White "SupremeTactician"]
[Black "Mikhail_Golubev"]
[Result "1-0"]
[WhiteElo "2239"]
[BlackElo "2448"]
[TimeControl "300"]
[EndTime "4:44:50 PDT"]
[Termination "SupremeTactician won on time"]

1. e4 c5 2. Nf3 d6 3. d4 cxd4 4. Nxd4 Nf6 5. Nc3 g6 6. Be2 Bg7 7. O-O Nc6 8. Nxc6 bxc6 9. Be3 O-O 10. a3 d5 11. exd5 Nxd5 12. Nxd5 cxd5 13. c3 e5 14. Qb3 Be6 15. Bc5 Re8 16. Bb5 Qb8 17.
Qa4 Rc8 18. Bc6 Qxb2 19. Bxa8 Rxa8 20. Qb4 Qe2 21. Rfe1 Qa6 22. Rab1 Rc8 23. Qb5 Qxb5 24. Rxb5 a6 25. Ra5 h5 26. Bb4 Rc6 27. Rc5 Rb6 28.
h3 Kh7 29. Rc7 e4 30. Rc1 Be5 31. Ra7 g5 32. a4 Rc6 33. Be7 Kg6 34. Ra8 d4 35.
Rg8+ Kh7 36. Rxg5 Bf4 37. Rxh5+ Kg6 38. Rc5 Rxc5 39. Bxc5 d3 40. Rb1 d2 41. Be3 Bxe3 42. fxe3 Bb3 43. Kf2 d1=Q 44. Rxd1 Bxd1 45. Kg3 Kf5 46. a5 Be2 47. Kh4 f6 48. g4+ Ke5 49.
Kh5 f5 50. Kg5 fxg4 51. hxg4 Ke6 52. Kf4 Bf3 53. g5 Kf7 54. c4 Be2 55. c5 Bf3 56. c6 Ke6 57. g6 Bh5 58. g7 Bf7 59. Kxe4 Kd6 60. Kf5 Kxc6 61. Kf6 Bg8 62. e4 Kd7 63. e5 Be6 64. Kg5 1-0

[Event "Live Chess"]
[Site "Chess.com"]
[Date "2023.05.21"]
[Round "-"]
[White "EdenHazard8"]
[Black "chrisbradgate"]
[Result "1-0"]
[WhiteElo "1933"]
[BlackElo "865"]
[TimeControl "300"]
[EndTime "4:44:50 PDT"]
[Termination "EdenHazard8 won by checkmate"]

1. e4 e5 2. Qh5 Nc6 3. Bc4 g6 4. Qf3 Nf6 5. Ne2 Bc5 6. g4 O-O 7. g5 d5 8. gxf6 dxc4 9. Nbc3 Bd4 10. Nd5 Bxf2+ 11. Qxf2 Nd4 12. Nxd4 exd4 13. Qh4 c6 14. Qh6 cxd5 15. Qg7# 1-0

[Event "Live Chess"]
[Site "Chess.com"]
[Date "2023.05.21"]
[Round "-"]
[White "elephantgerrald"]
[Black "domrobson"]
[Result "0-1"]
[WhiteElo "686"]
[BlackElo "1718"]
[TimeControl "300"]
[EndTime "4:44:55 PDT"]
[Termination "domrobson won by checkmate"]

1. e4 e5 2. d3 Nc6 3. Nc3 Nf6 4. Nf3 Bb4 5. Bd2 d6 6. g3 Bg4 7. Bg2 Nd4 8. O-O Qc8 9. a3 Bxc3 10. Bxc3 c5 11. Bxd4 cxd4 12. c3 dxc3 13. bxc3 O-O 14. c4 Ne8 15. Qd2 Bh3 16. Qd1 f5 17. exf5 Bxf5 18.
Qb3 Bg4 19. c5+ Be6 20. Qb4 a5 21. Qb6 Qxc5 22. Qxc5 dxc5 23. Nxe5 Nd6 24. Rab1 Rab8 25.
f4 c4 26. dxc4 Bxc4 27. Nd7 Bxf1 28. Nxf8 Bxg2 29. Kxg2 Rxf8 30. Rb6 Nc4 31. Rxb7 Nxa3 32. Ra7 Nc4 33. h4 h6 34. g4 Rb8 35. g5 hxg5 36.
hxg5 Rb4 37. Ra8+ Kf7 38. Ra7+ Kg6 39. Ra6+ Kf5 40. Kf3 Rb3+ 41. Kg2 Kxf4 42. g6 Rg3+ 43. Kf2 Rg5 44. Rc6 Ne5 45. Ra6 Nxg6 46. Ke2 Re5+ 47. Kd2 Nh4 48. Kc3 g5 49. Rf6+ Rf5 50. Ra6 g4 51.
Rd6 g3 52. Rd1 g2 53. Rg1 Kf3 54. Kb3 Kf2 55. Rxg2+ Kxg2 56. Ka4 Kf3 57. Ka3 Kf2 58. Ka4 Ke3 59. Ka3 Kd4 60. Ka4 Kc4 61. Ka3 Kb5 62. Ka2 Rf3 63. Ka1 Rf2 64. Kb1 Nf3 65. Ka1 Rd2 66. Kb1 Kb4 67. Ka1 Kb3 68. Kb1 Rd1# 0-1

[Event "Live Chess"]
[Site "Chess.com"]
[Date "2023.05.21"]
[Round "-"]
[White "wot-not"]
[Black "HoarseyHorsey"]
[Result "0-1"]
[WhiteElo "1542"]
[BlackElo "1465"]
[TimeControl "300"]
[EndTime "4:44:58 PDT"]
[Termination "HoarseyHorsey won by resignation"]

1. d4 Nf6 2. c4 e6 3. Nc3 d5 4.
Bg5 Be7 5. Nf3 O-O 6. e3 c6 7. Rc1 Nbd7 8. h3 h6 9. Bh4 Re8 10. a3 Nf8 11. Bd3 Ng6 12. Bg3 Bd6 13. Bxd6 Qxd6 14. c5 Qe7 15. O-O Nf8 16. Bb1 N8d7 17.
Qc2 e5 18. b4 e4 19. Nh2 Nh7 20.
f3 Ndf6 21. fxe4 Nxe4 22. Nxe4 Qxe4 23. Qxe4 dxe4 24. Ng4 Bxg4 25. hxg4 Ng5 26. Rf4 Re7 27. Rcf1 Rae8 28. Ba2 Rf8 29. Bc4 Rfe8 30. b5 Rf8 31. a4 Ne6 32. Rxe4 Rfe8 33. Bxe6 Rxe6 34. Rxe6 Rxe6 35. Rf3 cxb5 36. axb5 Rg6 37. Rf4 Re6 38.
e4 g5 39. Rf6 Rxf6 0-1

[Event "Live Chess"]
[Site "Chess.com"]
[Date "2023.05.21"]
[Round "-"]
[White "Crowded_House"]
[Black "Dhaydon19"]
[Result "0-1"]
[WhiteElo "1644"]
[BlackElo "2701"]
[TimeControl "300"]
[EndTime "4:45:08 PDT"]
[Termination "Dhaydon19 won by checkmate"]

1. d4 c6 2. Nf3 d5 3. Bg5 Nf6 4.
Nbd2 Bf5 5. e3 e6 6. c3 Be7 7. Nb3 Nbd7 8. Bd3 Ne4 9. Bxe7 Qxe7 10. Qc2 O-O 11. O-O Rac8 12. Nbd2 Nxd2 13. Qxd2 Bg6 14. Bxg6 fxg6 15. h3 Rxf3 16. gxf3 Qg5+ 17. Kh2 Rf8 18. f4 Qh5 19. Qd1 Qf5 20. Qg4 Qf7 21.
Qg5 Nf6 22. f3 Ne8 23. Rg1 Nd6 24. b3 Qd7 25. Qh4 Nf5 26. Qf2 Qd6 27. Rg5 Rf6 28. Rag1 Kf7 29. h4 Ne7 30. h5 Kf8 31. hxg6 hxg6 32.
Qh4 Kg8 33. Kh1 Nf5 34. Qf2 Ne7 35. R1g2 c5 36. Rh2 cxd4 37. cxd4 Kf7 38. Qc2 Qa6 39.
Rgg2 Qf1+ 40. Rg1 Qxf3+ 41. Rgg2 Qxe3 42. Qd2 Qe4 43. Rh7 Rxf4 44. Kh2 Nf5 45. Rf2 Rh4+ 46.
Kg1 Rxh7 47. Qf4 Rh1# 0-1

[Event "Live Chess"]
[Site "Chess.com"]
[Date "2023.05.21"]
[Round "-"]
[White "luckywookie"]
[Black "yeetpizza74"]
[Result "1-0"]
[WhiteElo "772"]
[BlackElo "498"]
[TimeControl "300"]
[EndTime "4:45:11 PDT"]
[Termination "luckywookie won by checkmate"]

1. e4 c6 2. Nf3 d5 3. exd5 cxd5 4.
d4 Nc6 5. Bb5 Bd7 6. Nc3 Nf6 7. O-O e6 8. Bg5 Be7 9. h4 O-O 10. Bxf6 Bxf6 11. Bd3 Nxd4 12. Bxh7+ Kxh7 13. Ng5+ Bxg5 14. hxg5 Nf5 15. Qh5+ Kg8 16. g6 fxg6 17. Qxg6 Ne7 18. Qg3 d4 19. Ne4 Nf5 20. Qh3 Kf7 21. f4 Rh8 22. Ng5+ Kf6 23. Qd3 e5 24. Ne4+ Ke6 25. Qc4+ Ke7 26. Qc5+ Kf7 27. fxe5 Rc8 28. Nd6+ Ke6 29. Nxc8 Qh4 30. Qc4+ Kxe5 31. Rae1+ Ne3 32.
Qc5+ Ke4 33. Nd6# 1-0

[Event "Live Chess"]
[Site "Chess.com"]
[Date "2023.05.21"]
[Round "-"]
[White "viktorskliarov"]
[Black "tpm07"]
[Result "1-0"]
[WhiteElo "2654"]
[BlackElo "1927"]
[TimeControl "300"]
[EndTime "4:45:16 PDT"]
[Termination "viktorskliarov won by resignation"]

1. e4 e5 2. Nc3 Nf6 3. Bc4 Nxe4 4. Qh5 Nd6 5. Bb3 Nc6 6. Nb5 g6 7. Qf3 f5 8. Qd5 Qf6 9. Nxc7+ Kd8 10. Nxa8 Bg7 11. h4 1-0

[Event "Live Chess"]
[Site "Chess.com"]
[Date "2023.05.21"]
[Round "-"]
[White "WelshTiger"]
[Black "MarkLim1"]
[Result "1-0"]
[WhiteElo "2310"]
[BlackElo "1678"]
[TimeControl "300"]
[EndTime "4:45:27 PDT"]
[Termination "WelshTiger won by resignation"]

1. e4 e6 2. d4 d5 3. Nd2 c5 4.
exd5 Qxd5 5. dxc5 Qxc5 6. Ngf3 Nf6 7. Bd3 Nbd7 8. O-O Be7 9. Qe2 O-O 10. c3 b6 11. Ne4 Bb7 12. Nxc5 1-0

[Event "Live Chess"]
[Site "Chess.com"]
[Date "2023.05.21"]
[Round "-"]
[White "worldchessleaguelive"]
[Black "Brooms1989"]
[Result "1/2-1/2"]
[WhiteElo "1359"]
[BlackElo "1137"]
[TimeControl "300"]
[EndTime "4:45:32 PDT"]
[Termination "Game drawn by agreement"]

1. d4 Nf6 2. Bf4 g6 3. Nf3 Bg7 4. e3 O-O 5. Nbd2 d6 6. Be2 Bg4 7.
h3 Bxf3 8. Bxf3 c6 9. O-O Nbd7 10. Rc1 Qb6 11. b3 e5 12. dxe5 dxe5 13. Bg5 h6 14. Bxf6 Bxf6 15. c4 Rad8 16. Qc2 Bg7 17.
Ne4 Nf6 18. Rfd1 Nxe4 19. Qxe4 Rxd1+ 20. Rxd1 Rd8 21. Rxd8+ Qxd8 22. Qc2 f5 23. e4 f4 24. Bg4 h5 25. Be2 Kh7 26. Kf1 Kh6 27. Qd1 Qxd1+ 28.
Bxd1 g5 29. Ke2 g4 30. h4 Bf6 31. g3 f3+ 32. Kd3 Be7 1/2-1/2

[Event "Live Chess"]
[Site "Chess.com"]
[Date "2023.05.21"]
[Round "-"]
[White "stevefairhurst"]
[Black "ViktorTheCoolBoy"]
[Result "0-1"]
[WhiteElo "585"]
[BlackElo "2477"]
[TimeControl "300"]
[EndTime "4:45:40 PDT"]
[Termination "ViktorTheCoolBoy won by checkmate"]

1. e4 e5 2. Nf3 Nf6 3. Qe2 Nc6 4. g3 Bc5 5. Bg2 O-O 6. O-O Re8 7. d3 h6 8. Be3 Qe7 9. Bd2 d5 10.
exd5 Nxd5 11. Nc3 Ndb4 12. Nxe5 Nxe5 13. Rfe1 Bg4 14. Qe3 Bxe3 15. fxe3 Nxc2 16. Rf1 Nxa1 17. Nd5 Qd6 18. Nf6+ gxf6 19. d4 Nc2 20. dxe5 Qxd2 21. exf6 Nxe3 22. Rf4 Qxg2# 0-1

[Event "Live Chess"]
[Site "Chess.com"]
[Date "2023.05.21"]
[Round "-"]
[White "lord_cll"]
[Black "Tiltador"]
[Result "1-0"]
[WhiteElo "1198"]
[BlackElo "804"]
[TimeControl "300"]
[EndTime "4:45:49 PDT"]
[Termination "lord_cll won on time"]

1. e4 d5 2. exd5 Qxd5 3. Nc3 Qe6+ 4. Be2 Nc6 5. Nf3 Bd7 6. O-O Nf6 7. b3 g6 8. Bc4 Qd6 9. Bb2 Be6 10. Bb5 Bg7 11.
Rb1 O-O 12. Re1 a6 13. Be2 b5 14. Ng5 b4 15. Nxe6 Qxe6 16. Bf3 Qd6 17. Ne4 Nxe4 18.
Bxg7 Kxg7 19. Bxe4 f5 20. Bf3 e5 21. Bxc6 Qxc6 22. Rxe5 Qd6 23. Qe2 a5 24. Re1 Rf7 25. Re6 Qc5 26. d3 Raf8 27. Re7 Qxe7 28. Qxe7 Rxe7 29. Rxe7+ Kh6 30. Rxc7 Re8 31. Kf1 Ra8 32. f4 Ra6 33. Ke2 Re6+ 34. Kf3 Re1 35. Rc5 Rh1 36.
h3 Rf1+ 37. Ke2 Ra1 38. Rxa5 Rg1 39. Kf2 Rc1 40. Rc5 Ra1 41. Rc4 Rxa2 42. d4 Ra1 43. Rxb4 Rd1 44. Rc4 Rd2+ 45. Kf3 Rd1 46. b4 Rb1 47. c3 Rd1 48. Rc5 Rd3+ 49. Ke2 Rg3 50. Kf2 Rd3 51. d5 Rd2+ 52. Kf3 Rd3+ 53. Ke2 Rg3 54.
Kf2 Rd3 55. c4 Rd2+ 56. Kf1 Rd1+ 57. Ke2 Rb1 58. b5 Rb2+ 59. Kf3 Rb3+ 60. Kf2 Rb2+ 61. Kg1 Rb1+ 62. Kh2 Rb4 63. d6 Rb2 64. Rc6 Rd2 65. c5 Rb2 66. b6 1-0

[Event "Live Chess"]
[Site "Chess.com"]
[Date "2023.05.21"]
[Round "-"]
[White "Hacker_2009"]
[Black "JoshMcK"]
[Result "1-0"]
[WhiteElo "1920"]
[BlackElo "1531"]
[TimeControl "300"]
[EndTime "4:45:52 PDT"]
[Termination "Hacker_2009 won by resignation"]

1. d4 Nf6 2. Nf3 g6 3. c4 Bg7 4.
Nc3 O-O 5. e4 d6 6. Be2 Nbd7 7.
O-O e5 8. d5 Nc5 9. Qc2 a6 10.
b4 Ncd7 11. h3 Re8 12. Be3 Nh5 13. c5 Nf8 14. a4 f5 15. Ng5 fxe4 16. Ncxe4 Bf5 17.
Bxh5 gxh5 18. Qe2 Bg6 19. Rfd1 Nd7 20. Ne6 Nf6 21. Nxd8 1-0

[Event "Live Chess"]
[Site "Chess.com"]
[Date "2023.05.21"]
[Round "-"]
[White "Berdgross"]
[Black "Duke_of_Bebington"]
[Result "0-1"]
[WhiteElo "667"]
[BlackElo "1577"]
[TimeControl "300"]
[EndTime "4:46:00 PDT"]
[Termination "Duke_of_Bebington won by resignation"]

1. d4 d5 2. e3 Bf5 3. Bd3 Bxd3 4. Qxd3 Nf6 5. Nf3 e6 6. Ne5 c5 7. dxc5 Bxc5 8. Nc3 Nc6 9. Nxc6 bxc6 10. O-O O-O 11. b4 Bxb4 12. Bb2 c5 13. Ne2 Ne4 14. f3 Nd6 15. e4 Nc4 16. Rab1 dxe4 17. Qxe4 Nd2 18.
Qg4 g6 19. Rbd1 Qa5 20. Rf2 Rad8 21. Nf4 Bc3 22. Bxc3 Qxc3 23. Ne2 Nxf3+ 24. Qxf3 Rxd1+ 25. Rf1 Qxf3 26. gxf3 Rxf1+ 27. Kxf1 Rd8 28. Nf4 Rd2 29. c4 Rxh2 30. Nd3 Rxa2 31. Nxc5 Rc2 32. Nd7 Rxc4 33. Nf6+ Kg7 34. Ne8+ Kf8 35. Nf6 Rh4 36. Nd7+ Ke7 37. Ne5 Kf6 38. Ng4+ Rxg4 39. fxg4 a5 40. Ke2 h5 41.
gxh5 gxh5 42. Kd3 h4 0-1

[Event "Live Chess"]
[Site "Chess.com"]
[Date "2023.05.21"]
[Round "-"]
[White "GEMdzq"]
[Black "JohanKjeldahl"]
[Result "1-0"]
[WhiteElo "2289"]
[BlackElo "1879"]
[TimeControl "300"]
[EndTime "4:46:07 PDT"]
[Termination "GEMdzq won by resignation"]

1. e4 c5 2. d4 cxd4 3. c3 dxc3 4. Nxc3 e6 5. Bc4 Nc6 6. Nf3 a6 7. O-O b5 8. Bb3 Bb7 9. Re1 Be7 10. Bf4 d6 11. Qe2 Nf6 12. Red1 Qc7 13. Rac1 Rd8 14. Nd5 exd5 15. exd5 O-O 16. dxc6 Bc8 17. Ng5 h6 18. Ne4 Nxe4 19. Qxe4 Bf6 20. Bxh6 gxh6 21. Qg6+ Bg7 22. Rc3 Kh8 23. Qh5 Bxc3 24. Qxh6+ Kg8 25. bxc3 d5 26.
Qg5+ Kh8 27. Rd4 1-0

[Event "Live Chess"]
[Site "Chess.com"]
[Date "2023.05.21"]
[Round "-"]
[White "ameetghasi100"]
[Black "chessfiction"]
[Result "1-0"]
[WhiteElo "2597"]
[BlackElo "2308"]
[TimeControl "300"]
[EndTime "4:46:22 PDT"]
[Termination "ameetghasi100 won by checkmate"]

1. d4 d6 2. c4 Nf6 3. Nc3 g6 4.
Nf3 Bg7 5. e4 O-O 6. Be2 Nbd7 7.
Be3 e5 8. O-O a6 9. Rc1 h6 10.
h3 Nh5 11. Qd2 Kh7 12. Rfd1 c6 13. b4 Qf6 14. c5 Re8 15. cxd6 Qxd6 16. dxe5 Qxd2 17.
Rxd2 Nxe5 18. Nxe5 Bxe5 19. Na4 Be6 20. Nc5 Nf4 21. Bf1 a5 22. bxa5 Rxa5 23. Nxb7 Rxa2 24. Rxa2 Bxa2 25. Rxc6 Rb8 26. Rb6 Be6 27. Na5 Ra8 28. Nc6 Ra1 29. Nxe5 Ne2+ 30. Kh2 Rxf1 31. Rb7 Nc3 32.
Bd4 Nxe4 33. Nxf7 Bd5 34. Ng5+ Kg8 35. Rb8# 1-0

[Event "Live Chess"]
[Site "Chess.com"]
[Date "2023.05.21"]
[Round "-"]
[White "ChessTWSS"]
[Black "DoYouLikeCurry"]
[Result "1-0"]
[WhiteElo "1611"]
[BlackElo "1432"]
[TimeControl "300"]
[EndTime "4:46:27 PDT"]
[Termination "ChessTWSS won by resignation"]

1. d4 d5 2. Bf4 Nf6 3. Nf3 c5 4.
c3 Nc6 5. e3 Bg4 6. h3 Bxf3 7.
Qxf3 e6 8. Nd2 Qb6 9. Rb1 cxd4 10. c4 dxe3 11. Bxe3 Qc7 12. cxd5 Nxd5 13. Bb5 Bd6 14. Bxc6+ Qxc6 15. O-O O-O 16. Rfc1 Qd7 17. Ne4 Bc7 18. Bc5 Rfc8 19. Bd4 f5 20. Nc5 Qd6 21. g3 f4 22. Qg4 e5 23. Nxb7 fxg3 24. Nxd6 1-0

[Event "Live Chess"]
[Site "Chess.com"]
[Date "2023.05.21"]
[Round "-"]
[White "LL220284LL"]
[Black "JoeyCage"]
[Result "0-1"]
[WhiteElo "2326"]
[BlackElo "2293"]
[TimeControl "300"]
[EndTime "4:46:47 PDT"]
[Termination "JoeyCage won by resignation"]

1. d4 g6 2. e4 Bg7 3. Nc3 d6 4. Be3 a6 5. Qd2 b5 6. f3 Bb7 7.
h4 h5 8. Nge2 Nd7 9. g4 hxg4 10.
fxg4 Ngf6 11. Bg2 Nxg4 12. Bg1 Bh6 13. Qd3 c5 14. Qg3 Ngf6 15. Be3 Nh5 16. Qf2 Bxe3 17. Qxe3 cxd4 18. Qxd4 Ne5 19. O-O-O Rc8 20. Kb1 Qc7 21. Bh3 Rd8 22. a4 bxa4 23. Qxa4+ Qc6 24. Qb3 Qc7 25. Nd4 O-O 26. Rhg1 Rb8 27. Nd5 Bxd5 28. Qxd5 Qb7 29. Qxb7 Rxb7 30. Rg5 Kh7 31. Rf1 Nf6 32. Rf4 Nh5 33.
Rf2 Rb4 34. c3 Rb7 35. Kc1 Nd3+ 0-1

[Event "Live Chess"]
[Site "Chess.com"]
[Date "2023.05.21"]
[Round "-"]
[White "SirEntrails"]
[Black "YrrriKharkiv"]
[Result "0-1"]
[WhiteElo "542"]
[BlackElo "2067"]
[TimeControl "300"]
[EndTime "4:47:05 PDT"]
[Termination "YrrriKharkiv won by checkmate"]

1. e4 e6 2. Nf3 d5 3. exd5 exd5 4.
Nc3 c6 5. Be2 Nd7 6. d3 Bd6 7.
Bd2 Ne7 8. d4 O-O 9. O-O Re8 10.
Bd3 Nf8 11. Bg5 f6 12. Bh6 gxh6 13. Nh4 Neg6 14. Nf5 Bxf5 15. Bxf5 Qc7 16. Qg4 Bxh2+ 17. Kh1 Bd6 18. Bxg6 hxg6 19. Qh4 Kg7 20. Ne2 g5 21. Qg4 f5 22. Qxf5 Rxe2 23. Rae1 Rae8 24. Qf3 Rxe1 25. Rxe1 Rxe1# 0-1

[Event "Live Chess"]
[Site "Chess.com"]
[Date "2023.05.21"]
[Round "-"]
[White "mach247"]
[Black "zdanevych"]
[Result "1-0"]
[WhiteElo "1352"]
[BlackElo "1550"]
[TimeControl "300"]
[EndTime "4:47:11 PDT"]
[Termination "mach247 won by resignation"]

1. e4 c5 2. Nf3 e6 3. d4 d5 4. dxc5 Bxc5 5. exd5 exd5 6. Bg5 Ne7 7. Bb5+ Nbc6 8. h3 a6 9. Bxc6+ bxc6 10. O-O O-O 11. Re1 Qc7 12. Nc3 Be6 13. Nd4 Bd7 14. Bxe7 Bxe7 15.
Rxe7 Rfe8 16. Rxe8+ Rxe8 17. Qd2 Qb6 18. b3 h6 19. Na4 Qa7 20. Nf3 Be6 21. Re1 c5 22. c4 d4 23. Nb2 Rb8 24. Nd3 Qd7 25. Nxc5 1-0

[Event "Live Chess"]
[Site "Chess.com"]
[Date "2023.05.21"]
[Round "-"]
[White "jbooth"]
[Black "YF22Raptor"]
[Result "1-0"]
[WhiteElo "1717"]
[BlackElo "1020"]
[TimeControl "300"]
[EndTime "4:47:14 PDT"]
[Termination "jbooth won by checkmate"]

1. e4 c6 2. d4 d5 3. Nc3 dxe4 4. Nxe4 Nf6 5. Nxf6+ exf6 6. Nf3 g6 7. h3 Bg7 8. Bd3 f5 9. O-O Bxd4 10. Re1+ Be6 11. Ng5 Qe7 12. Bxf5 Bxf2+ 13. Kxf2 gxf5 14. Bf4 h6 15.
Nxe6 fxe6 16. Qd4 Rh7 17. Rxe6 Qxe6 18. Re1 Qxe1+ 19. Kxe1 Re7+ 20. Kf2 Nd7 21. Qh8+ Nf8 22. Bxh6 Rf7 23. Qe5+ Re7 24. Qf6 Rf7 25. Qe5+ Kd8 26. Qd6+ Ke8 27. h4 Rd8 28. Qc5 Rdd7 29. Qxa7 Rh7 30.
Bg5 Rh5 31. Qb8+ Kf7 32. Qe5 Nh7 33. Qxf5+ Kg8 34. Kg3 Rg7 35. Kg4 Nxg5 36. hxg5 Rh2 37. Kg3 Rh1 38. Qc8+ Kh7 39. Kg4 Rg1 40. g3 Rg2 41. a4 Rxc2 42. Qf5+ Rg6 43. Qxc2 Kg7 44. Qxg6+ Kxg6 45. Kf4 b6 46. g4 c5 47. b3 Kf7 48. Kf5 Kg7 49. g6 Kh8 50. Kf6 Kg8 51. g5 b5 52. axb5 c4 53. bxc4 Kh8 54. b6 Kg8 55. b7 Kh8 56. b8=R# 1-0

[Event "Live Chess"]
[Site "Chess.com"]
[Date "2023.05.21"]
[Round "-"]
[White "Vitalii18a"]
[Black "MJMykh"]
[Result "0-1"]
[WhiteElo "1136"]
[BlackElo "1141"]
[TimeControl "300"]
[EndTime "4:47:22 PDT"]
[Termination "MJMykh won on time"]

1. e4 e5 2. Nf3 Nc6 3. Bb5 Bc5 4.
O-O d6 5. Re1 Nf6 6. d3 h6 7. c3 O-O 8. d4 exd4 9. cxd4 Bb4 10. Nc3 Bxc3 11. bxc3 Bd7 12. h3 a6 13. Ba4 Nb8 14.
Bxd7 Nbxd7 15. Nh2 Nb8 16. Ng4 Nxg4 17. Qxg4 Nc6 18. Bxh6 Qf6 19. Bg5 Qg6 20. h4 f6 21.
h5 Qxg5 22. Qd7 Rac8 23. Re3 Qxh5 24. Rh3 Qf7 25. Qf5 g6 26. Qf4 g5 27. Qg4 Ne7 28. f4 Qg6 29. Kf2 gxf4 30. Qxf4 Qf7 31. Rah1 Qxa2+ 32. Kf3 Kf7 33. Qg4 Ke8 34. Rh8 Rxh8 35. Rxh8+ Kf7 36. Rh7+ Ke8 37. Qh5+ Kd7 38. Qg4+ Ke8 39.
Qg7 Qe6 40. Rh8+ Kd7 41. Rxc8 Kxc8 42. Qf8+ Kd7 43. d5 Qe5 0-1